 Dungeon Crawl Stone Soup version 0.22-a0-283-g1871b15 (webtiles) character file.

50 lilbarb the Charmwright (level 3, 0/18 HPs)
             Began as a Vine Stalker Skald on Mar 19, 2018.
             Succumbed to an adder's poison
             ... on level 1 of the Dungeon.
             The game lasted 00:03:43 (1117 turns).

lilbarb the Charmwright (Vine Stalker Skald)        Turns: 1117, Time: 00:03:44

Health: 0/18       AC:  8    Str: 13    XL:     3   Next: 79%
Magic:  1/7        EV: 11    Int: 14    God:
Gold:   21         SH:  0    Dex: 13    Spells: 3/6 levels left

rFire    . . .     SeeInvis .   a - +0 short sword
rCold    . . .     Gourm    .   (no shield)
rNeg     . . .     Faith    .   b - +0 leather armour
rPois    .         Spirit   +   (no helmet)
rElec    .         Reflect  .   (no cloak)
rCorr    .         Harm     .   (no gloves)
MR       .....                  (no boots)
Stlth    ++........             (no amulet)
HPRegen  0.06/turn              i - +5 ring of protection
MPRegen  0.10/turn              (no ring)

@: lethally poisoned (0 -> -4)
A: fangs 2, magic shield, antimagic bite, no potion heal 3, rot immunity
a: no special abilities


You were on level 1 of the Dungeon.
You were not hungry.

You visited 1 branch of the dungeon, and saw 2 of its levels.

You collected 21 gold pieces.

Inventory:

Hand Weapons
 a - a +0 short sword (weapon)
 c - a +0 dagger
Armour
 b - a +0 leather armour (worn)
Jewellery
 i - a +5 ring of protection (left hand)
Scrolls
 e - a scroll of teleportation {unknown}
 f - a scroll of identify {unknown}
 h - a scroll of noise {unknown}
Comestibles
 d - a ration


   Skills:
 - Level 1.7 Fighting
 + Level 2.3 Short Blades
 - Level 0.7 Armour
 - Level 1.5 Dodging
 + Level 2.0 Stealth
 - Level 2.1 Spellcasting
 * Level 3.9 Charms


You had 3 spell levels left.
You knew the following spells:

 Your Spells              Type           Power        Failure   Level  Hunger
a - Infusion              Chrm           ##..         6%          1    #......
b - Song of Slaying       Chrm           ##......     9%          2    ###....


Dungeon Overview and Level Annotations

Branches:
Dungeon (2/15)

Altars:

Annotations:
D:1 exclusion: downstairs


Innate Abilities, Weirdness & Mutations

You have extremely sharp teeth.
When hurt, damage is shared between your health and your magic reserves.
Your bite disrupts and absorbs the magic of your enemies.
Potions cannot restore your health.
You are immune to rotting.


Message History

You feel sick. The adder bites you but does no damage.
You completely miss the adder. Your bite misses the adder.
The adder is moderately wounded.
The adder closely misses you.
You hit the adder but do no damage. Your bite misses the adder.
The adder is moderately wounded.
* * * LOW HITPOINT WARNING * * *
You feel sick.
The adder bites you but does no damage. x2
You hit the adder.
The adder is severely wounded.
The adder bites you but does no damage.
You hit the adder.
The adder is severely wounded.
* * * LOW HITPOINT WARNING * * *
You feel sick. The adder bites you.
You completely miss the adder.
You kill the adder!
Your Stealth skill increases to level 2!
You miss the adder. Your bite misses the adder.
You die...

#.........#########
#.#######.........#
#.#........######.#
#.#.####...# #.#
#.#.#(.....# #.#
##.#.#.###..# #.#
#...........######.#
########....#.####.)......#
...)........+...@S>.......#
#######.....#.#####......##
# #.#####.# #......# #
#.......# #......##### ##
#.......# #.....)'...# .#
#.......# #......###.# .##
#.......# #......# #.# ..#
#.......#####......# #.#
#.#####............##'####
#.#


You could see an adder.

Vanquished Creatures
  2 adders
  2 dart slugs (D:1)
  A leopard gecko (D:1)
  5 bats (D:1)
  2 giant cockroaches (D:1)
  2 goblins (D:1)
  2 hobgoblins (D:1)
  A frilled lizard (D:1)
  5 kobolds (D:1)
  5 rats (D:1)
27 creatures vanquished.

Notes
Turn   | Place    | Note
-------+----------+-------------------------------------------
     0 | D:1      | lilbarb the Vine Stalker Skald began the quest for the Orb.
     0 | D:1      | Reached XP level 1. HP: 11/11 MP: 4/4
   348 | D:1      | Reached XP level 2. HP: 11/15 MP: 3/6
   355 | D:1      | Reached skill level 1 in Stealth
   881 | D:1      | Learned a level 2 spell: Song of Slaying
   963 | D:1      | Reached XP level 3. HP: 18/18 MP: 7/7
  1117 | D:1      | Succumbed to an adder's poison

Vault maps used:
D:1:      dpeg_arrival_rooms_a
D:2:      first_ration, serial_park_tiny_1, uniq_crazy_yiuf_cottage,
          uniq_terence

Skill      XL: |  1  2  3 |
---------------+----------+-----
Short Blades   | 2 |  2.3
Stealth        | 1 2 |  2.0
Fighting       | |  1.7
Armour         | |  0.7
Dodging        | |  1.5
Spellcasting   | |  2.1
Charms         | |  3.9

Action                   || total
-------------------------++-------
Melee: Short sword       ||    92
       Bite              ||    12
 Cast: Infusion          ||     3
 Stab: Sleeping          ||     2
  Eat: Chunk             ||     1
Armor: Leather armour    ||    18
Dodge: Dodged            ||    61

Table legend:
 A = Spawn XP
 B = Non-spawn XP
 C = Spawn XP percentage of total XP
 D = Spawn monster count
 E = Non-spawn monster count
 F = Spawn count percentage of total count
 G = Total turns spent on level
                    A         B        C        D         E        F      G
               +---------+---------+-------+---------+---------+-------+---------
         Total |       0 |      72 |   0.0 |       0 |      27 |   0.0 |  1117
               +---------+---------+-------+---------+---------+-------+---------
           D:1 |       0 |      58 |   0.0 |       0 |      26 |   0.0 |  1102
           D:2 |       0 |      14 |   0.0 |       0 |       1 |   0.0 |    15
               +---------+---------+-------+---------+---------+-------+---------
